Cogmind - Beta 13 @@@ ROGUE MODE // 2024.07.07 @ 21:33:13 Player: APerTAS Result: Destroyed by Y-45 Defender with Heavy Assault Rifle Performance ------------- Evolutions (1) 500 Regions Visited (3) 600 Robots Destroyed (35) 175 Value Destroyed (877) 877 Prototype IDs (0) 0 Alien Tech Used (0) 0 Bonus (24) 24 TOTAL SCORE: 2176 Bonus ------- High Alert Combat Kills 24 Follower Combat Kills 39 Friendly Fire -39 Cogmind --------- Core Integrity 0/400 Matter 214/300 Energy 100/100 System Corruption 0% Temperature Cool (9) Movement Core (50) Location -9/Materials Parts ------- > --- POWER (1) -------- (None) > --- PROPULSION (2) --- (None) > --- UTILITY (4) ------ Structural Scanner Targeting Computer > --- WEAPON (2) ------- (None) > --- INVENTORY (5) ---- Improved Ion Engine Light Treads Light Treads Large Matter Pod (150) Autogun Peak State ------------ > --- POWER ------------ Improved Ion Engine > --- PROPULSION ------- Light Treads Light Treads > --- UTILITY ---------- Small Storage Unit Structural Scanner Targeting Computer Light Armor Plating > --- WEAPON ----------- Beam Cannon Grenade Launcher > --- INVENTORY -------- Improved Ion Engine Light Treads Large Matter Pod Machine Analyzer ECM Suite Grenade Launcher Mining Laser [Rating: 11] Favorites ----------- Power Improved Ion Engine Engine Improved Ion Engine Propulsion Light Treads Treads Light Treads Wheel Wheel Utility Small Storage Unit Device Structural Scanner Storage Small Storage Unit Processor Targeting Computer Protection Light Armor Plating Weapon Grenade Launcher Energy Gun Medium Laser Energy Cannon Beam Cannon Launcher Grenade Launcher Build | -11 -10 -10 -9 ------- Run | Yrd Mat Min Mat Slots Evolved 2 | . . . 2 Power . | . . . . Propulsion . | . . . . Utility 2 | . . . 2 Weapon . | . . . . Parts Attached 20 | 6 4 4 6 Power 4 | 1 . 1 2 Engine 4 | 1 . 1 2 Core . | . . . . Reactor . | . . . . Propulsion 7 | 2 2 1 2 Treads 5 | . 2 1 2 Leg . | . . . . Wheel 2 | 2 . . . Hover . | . . . . Flight . | . . . . Utility 4 | 1 1 . 2 Device 1 | . . . 1 Storage 1 | 1 . . . Processor 1 | . 1 . . Hackware . | . . . . Protection 1 | . . . 1 Artifact . | . . . . Weapon 5 | 2 1 2 . Energy Gun 2 | 2 . . . Energy Cannon 1 | . . 1 . Ballistic Gun . | . . . . Ballistic Cannon . | . . . . Launcher 2 | . 1 1 . Special Weapon . | . . . . Impact Weapon . | . . . . Slashing Weapon . | . . . . Piercing Weapon . | . . . . Special Melee Weapon . | . . . . Unidentified Prototypes . | . . . . Parts Lost 7 | . . . 7 Power 1 | . . . 1 Propulsion 2 | . . . 2 Utility 2 | . . . 2 Weapon 2 | . . . 2 Highest Loss Streak 5 | . . . 5 To Critical Strikes . | . . . . Average Slot Usage (%) 96 | . 99 100 88 Engine 12 | . 14 14 9 Treads 23 | . 18 28 19 Wheel 2 | . 9 . . Device 2 | . . . 11 Storage 13 | . 14 14 10 Processor 13 | . 13 14 11 Protection 1 | . . . 7 Energy Gun 7 | . 17 5 . Energy Cannon 6 | . . 8 9 Launcher 11 | . 10 14 9 Naked Turns . | . . . . Heaviest Build 22 | 14 15 18 22 Greatest Support 40 | 26 40 40 40 Greatest Overweight (x) . | . . . . Average Overweight (x) . | . . . . Largest Inventory Capacity 8 | 8 8 8 8 Average Capacity 7 | 7 8 8 7 Most Carried 8 | 5 8 8 8 Average Carried 7 | 2 7 7 7 Final Capacity 8 | 8 8 8 5 Final Carried 8 | 4 8 8 5 Class Distribution -------------------- 100% | Mutant Dominant Class ---------------- Mutant | -10/Materials Mutant | -10/Mines Mutant | -9/Materials Resources | -11 -10 -10 -9 ----------- Run | Yrd Mat Min Mat Matter Collected 769 | 247 71 138 313 Remotely . | . . . . Salvage Created 798 | . 119 231 448 Parts 66 | . 10 20 36 Haulers Intercepted . | . . . . Recyclers Shooed . | . . . . Parts Field Recycled . | . . . . Retrieved Matter . | . . . . Parts Self-Destructed . | . . . . Prevented . | . . . . Kills | -11 -10 -10 -9 ------- Run | Yrd Mat Min Mat Combat Hostiles Destroyed 23 | . 5 9 9 Guns 1 | . . 1 . Cannons 6 | . . 2 4 AOE 16 | . 5 6 5 Classes Destroyed 10 | . 3 3 4 Worker 3 | . . 1 2 Builder 2 | . . . 2 Tunneler 2 | . . 2 . Mechanic 1 | . . . 1 Operator 1 | . . . 1 Watcher 3 | . 1 . 2 Swarmer 7 | . 3 3 1 Grunt 13 | . 2 4 7 Brawler 1 | . . . 1 Sentry 2 | . . 2 . Best Kill Streak 8 | . 4 4 8 Combat Bots Only 6 | . 3 3 6 Max Kills in Single Turn 3 | . 3 3 3 Gunslinging . | . . . . Exploded 3 | . 3 2 2 Melee . | . . . . Uniques/NPCs Destroyed . | . . . . Combat | -11 -10 -10 -9 -------- Run | Yrd Mat Min Mat Hostile Shots Fired 154 | . 16 29 109 Missed 45 | . 4 11 30 Damage Taken 1708 | . 186 284 1238 Core 556 | . 17 126 413 Absorbed by Shields . | . . . . Core Remaining (%) 71 | 100 . 42 . Volleys Fired 52 | . 8 13 31 Largest 2 | . 2 2 2 Hottest 100 | . 100 90 90 Shots Fired 88 | . 16 24 48 Gun 16 | . 10 6 . Cannon 38 | . . 7 31 Launcher 34 | . 6 11 17 Special . | . . . . Kinetic . | . . . . Thermal 54 | . 10 13 31 Explosive 34 | . 6 11 17 Electromagnetic . | . . . . Robot Hit Streak 18 | . 5 18 8 Robot Miss Streak 3 | . 2 1 3 Penetration Max . | . . . . Secondary Targets . | . . . . Shots Hit Robots 54 | . 9 19 26 Core Hits 55 | . 9 23 23 Critical Kills . | . . . . Critical Parts Destroyed . | . . . . Critical Strikes 1 | . 1 . . Burn 1 | . 1 . . Melee Attacks . | . . . . Impact . | . . . . Slashing . | . . . . Piercing . | . . . . Sneak Attacks . | . . . . Combat Hostiles . | . . . . Follow-up Attacks . | . . . . Damage Inflicted 2305 | . 401 809 1095 Guns 139 | . 63 76 . Cannons 405 | . . 89 316 Explosions 1761 | . 338 644 779 Melee . | . . . . Ramming . | . . . . Kinetic . | . . . . Thermal 544 | . 63 165 316 Explosive 1761 | . 338 644 779 Electromagnetic . | . . . . Impact . | . . . . Slashing . | . . . . Piercing . | . . . . Highest Corruption . | . . . . Average Corruption . | . . . . Corruption Purged . | . . . . Corruption Blocked . | . . . . Overload Shots . | . . . . Overflow Damage 14 | . 4 . 10 Projectiles . | . . . . Explosions 14 | . 4 . 10 Melee . | . . . . Knockbacks . | . . . . Impact . | . . . . Kinetic . | . . . . Secondary . | . . . . Self-Inflicted Damage 175 | . 42 32 101 Shots 9 | . 2 3 4 Rammed . | . . . . Targets Rammed . | . . . . Kicked . | . . . . Crushed . | . . . . Highest Temperature 239 | . 167 147 239 Average Temperature 71 | . 74 52 78 Received Heat Transfer 624 | . 75 93 456 Siege Activations . | . . . . Robots Corrupted . | . . . . Combat Hostiles . | . . . . Parts Fried . | . . . . Impact Corruptions . | . . . . Robots Melted . | . . . . Combat Hostiles . | . . . . Parts Melted 1 | . . 1 . Heat Transferred 1332 | . 259 407 666 Parts Sabotaged . | . . . . Parts Stolen . | . . . . Parts Stripped . | . . . . Power Chain Reactions . | . . . . Alert | -11 -10 -10 -9 ------- Run | Yrd Mat Min Mat Peak Influence 589 | . 244 251 589 Initial 94 | . . 94 80 Average 188 | . 135 130 379 Maximum Alert Level 2 | . 1 1 2 Low Security (%) 59 | 100 52 81 16 Level 1 25 | . 47 18 26 Level 2 14 | . . . 57 Level 3 . | . . . . Level 4 . | . . . . Level 5 . | . . . . High Security . | . . . . Max Security . | . . . . Squads Dispatched 2 | . . . 2 Investigation 1 | . . . 1 Extermination . | . . . . Reinforcement 1 | . . . 1 Assault . | . . . . Garrison . | . . . . Intercept . | . . . . Searches Triggered . | . . . . Construction Impeded 1 | . . . 1 Haulers Reinforced . | . . . . Active Scanning Responses . | . . . . Cargo Convoy Interrupts . | . . . . Stealth | -11 -10 -10 -9 --------- Run | Yrd Mat Min Mat Distress Signals . | . . . . Communications Jammed . | . . . . Distress Signals . | . . . . Times Spotted 35 | . 6 10 19 Peak Tracking Total 6 | . 4 3 6 Tactical Retreats . | . . . . Traps | -11 -10 -10 -9 ------- Run | Yrd Mat Min Mat Traps Triggered . | . . . . Indirectly . | . . . . Trap Hack Attempts . | . . . . Triggered . | . . . . Disarmed . | . . . . Reprogrammed . | . . . . Reused . | . . . . Traps Extracted . | . . . . Installed . | . . . . Triggered . | . . . . Machines | -11 -10 -10 -9 ---------- Run | Yrd Mat Min Mat Machines Disabled 7 | . 2 1 4 Max in Single Turn 1 | . 1 1 1 Machines Repaired . | . . . . Machines Dismantled . | . . . . Machines Sabotaged . | . . . . Overloaded Fab Kills . | . . . . Hacking | -11 -10 -10 -9 --------- Run | Yrd Mat Min Mat Machines Accessed 6 | . 4 1 1 Terminals 6 | . 4 1 1 Fabricators . | . . . . Repair Stations . | . . . . Recycling Units . | . . . . Scanalyzers . | . . . . Garrison Access . | . . . . Total Hacks 18 | . 13 1 4 Successful 9 | . 8 . 1 Failed 9 | . 5 1 3 Catastrophic 2 | . 1 1 . Database Lockouts . | . . . . Manual . | . . . . Terminals 18 | . 13 1 4 Fabricators . | . . . . Repair Stations . | . . . . Recycling Units . | . . . . Scanalyzers . | . . . . Garrison Access . | . . . . Terminal Hacks 9 | . 8 . 1 Record 1 | . . . 1 Robot Analysis 1 | . 1 . . Locate Traps 1 | . 1 . . Transport Status 1 | . 1 . . Investigation Status 1 | . 1 . . Recall Investigation 1 | . 1 . . Registered Components 1 | . 1 . . Zone Layout 2 | . 2 . . Fabricator Hacks . | . . . . Repair Station Hacks . | . . . . Recycling Unit Hacks . | . . . . Scanalyzer . | . . . . Garrison Access Hacks . | . . . . Unauthorized Hacks . | . . . . Terminals . | . . . . Fabricators . | . . . . Repair Stations . | . . . . Recycling Units . | . . . . Scanalyzers . | . . . . Garrison Access . | . . . . Data Cores Recovered . | . . . . Used . | . . . . Hacking Detections 5 | . 3 1 1 Full Trace Events 1 | . . . 1 Feedback Events . | . . . . Feedback Blocked . | . . . . Robot Schematics Acquired . | . . . . Robots Built . | . . . . Authchips . | . . . . Time . | . . . . Total Robot Build Rating . | . . . . Part Schematics Acquired . | . . . . Parts Built . | . . . . Authchips . | . . . . Time . | . . . . Total Part Build Rating . | . . . . Parts Repaired . | . . . . Time . | . . . . Parts Recycled . | . . . . Recycled Matter . | . . . . Retrieved Matter . | . . . . Retrieved Components . | . . . . Parts Scanalyzed . | . . . . Part Schematics Acquired . | . . . . Parts Damaged . | . . . . Bothacking | -11 -10 -10 -9 ------------ Run | Yrd Mat Min Mat Used RIF Installer . | . . . . Robots Hacked . | . . . . Non-combat . | . . . . Combat . | . . . . Robot Hacks Applied . | . . . . Relay Couplers Released . | . . . . Fabnet Peak Effective % . | . . . . Robots Rewired . | . . . . Allies Hacked . | . . . . Hacks Repelled . | . . . . Allies | -11 -10 -10 -9 -------- Run | Yrd Mat Min Mat Total Allies 3 | . . 3 . Largest Group 3 | . . 3 3 Highest-Rated Group 40 | . . 40 40 Highest-Rated Ally 16 | . . 16 16 Total Orders . | . . . . Ally Attacks 24 | . . . 24 Total Damage 198 | . . . 198 Kills 4 | . . . 4 Allies Corrupted . | . . . . Allies Melted . | . . . . Intel | -11 -10 -10 -9 ------- Run | Yrd Mat Min Mat Robot Analysis Total 1 | . 1 . . Derelict Logs Recovered . | . . . . Drone Launches . | . . . . Drone Recoveries . | . . . . Exploration | -11 -10 -10 -9 ------------- Run | Yrd Mat Min Mat Turns Passed 1574 | 73 356 749 396 Spaces Moved 863 | 69 246 398 150 Core 11 | 11 . . . Treads 684 | . 136 398 150 Legs . | . . . . Wheels 168 | 58 110 . . Hover . | . . . . Flight . | . . . . Fastest Speed 50 | 50 90 160 160 Average Speed 144 | 83 128 160 160 Slowest Speed 160 | 90 160 160 160 Overloaded Moves . | . . . . Propulsion Burnouts . | . . . . Robots Hopped . | . . . . Cave-ins Triggered . | . . . . Exploration Rate (%) 32 | 5 42 64 17 Regions Visited 3 Branch Regions 1 Pre-discovered Areas . | . . . . Known Exits Taken . | . . . . Unknown Exits Taken 3 | 1 1 1 . Scrap Searched 1 | . . 1 . Spaces Dug 7 | . . . 7 Terrain Destroyed 205 | . 29 89 87 Melee . | . . . . Projectile . | . . . . AOE 205 | . 29 89 87 Terrain Rammed . | . . . . Walls Destroyed . | . . . . Machines Disabled . | . . . . Actions | -11 -10 -10 -9 --------- Run | Yrd Mat Min Mat Total 1100 | 84 270 488 258 Wait 123 | . . 60 63 Move 860 | 68 245 397 150 Hop . | . . . . Pick Up 31 | 10 9 7 5 Fast Attach . | . . . . Attach 10 | 6 1 1 2 Detach . | . . . . Swap 10 | . 3 3 4 Drop 14 | . 4 7 3 Fire 52 | . 8 13 31 Melee . | . . . . Ram . | . . . . Kick . | . . . . Crush . | . . . . Escape Stasis . | . . . . Rewire . | . . . . Trap . | . . . . Miscellaneous . | . . . . Route ------- -11/Scrapyard -10/Materials (discovered 3 exits: *Mat x2 / *Min) -10/Mines -9/Materials History --------- Turn | Location | Event 25 | -11/Scrapyard | Discovered new exit (range 16) 74 | -11/Scrapyard | Entered Materials 165 | -10/Materials | Discovered new exit (range 7) 239 | -10/Materials | Discovered new exit (range 14) 311 | -10/Materials | Build established: Mutant 339 | -10/Materials | Discovered new exit (range 12) 430 | -10/Materials | Entered Mines 433 | -10/Mines | YI-UF0 nonchalantly dropped a Grenade Launcher on the ground 912 | -10/Mines | Core integrity fell below 50% 1111 | -10/Mines | Discovered new exit (range 3) 1134 | -10/Mines | Assisted by bots powering up and referring to "LRC-V3" 1179 | -10/Mines | Entered Materials 1179 | -9/Materials | Accompanied by 3 allies 1179 | -9/Materials | Evolved 2 slots: Utility x2 1543 | -9/Materials | Core integrity fell below 50% 1561 | -9/Materials | Lost 5 parts (1p2n2w) 1561 | -9/Materials | Core integrity fell below 20% 1575 | -9/Materials | Destroyed by Y-45 Defender with Heavy Assault Rifle Last Messages --------------- Critical hit (Burn: +37). R-06 Scavenger collects Wheel. U-05 Engineer lays Concrete. R-06 Scavenger collects Recalibrator. U-05 Engineer builds a Wall. R-06 Scavenger collects Heat Sink. U-05 Engineer lays Concrete. U-05 Engineer builds a Wall. U-05 Engineer lays Concrete. U-05 Engineer builds a Wall. U-05 Engineer lays Concrete. M-13 Machinist repairs Welding Torch. U-05 Engineer lays Concrete. Sml. Storage Unit destroyed. U-05 Engineer lays Concrete. M-13 Machinist repairs Y-45 Defender. U-05 Engineer lays Concrete. U-05 Engineer builds a Wall. M-13 Machinist repairs Hvy. Assault Rifle. U-05 Engineer builds a Wall. Map ----- +----------------------------------------------------+ | ?????????????????????????????????????????????????? | | ?????????????????????????????????????????????????? | | ?????????????????????#############???????????????? | | ?????????????????????#############???????????????? | | ?????????????????????## ##???????????????? | | ???????##"???????????## ]##???????????????? | | ???????##"???????????## """ * ##???????????????? | | ???????## "??????????## """"" ##???????????????? | | ???????## ??????????## """""* ##???????????????? | | ???????## ?????????## """"" ##???????????????? | | ??????### ???? ##### ##########???????? | | ##### """ ##### ######### ??????? | | #+###### ##### #######+### ?????? | | # #### ?????? | | !%* "" =+! ?????? | | ??? %== % ="T" #### #### ???????? | | ?????## # %% % ## # ##### #####???????? | | ?????#######| =# #### ##### ##??????????? | | ???####### # # # ## % ####??? ##??????????? | | ???######### ####### # # ##??? ##??????????? | | ##### % u ####????????????????? | | ##### ##?????????????????? | | ## ^ % Y ###?????????????????? | | ## ## ###?????????????????? | | ## ##?????????????????? | | ## ^ ^ % !@! ##?????????????????? | | # * # "" ##?????????????????? | | # = ! # " " ##?????????????????? | | + %* r # " " ##?????????????????? | | # " ! = * # ##?????????????????? | | # =%! #########?????????????????? | | # = #########?????????????????? | | ## ##############????????????????????????? | | ## "" ##############????????????????????????? | | ## """ # ????????????????????????????????????? | | "" "" # ????????????????????????????????????? | | "T # ????????????????????????????????????? | | "" % # ????????????????????????????????????? | | ## !!! + ????????????????????????????????????? | | # !!! # ????????????????????????????????????? | | !!! ##############????????????????????????? | | = % ##############????????????????????????? | | ! ????????????????????????? | | ####### ?????????????????????????? | | ## # ?????????????????????????? | | ## [ + ###+#########?????????????????????????? | | ## # # ###?????????????????????????? | | ## # # ????????????????????????????????????? | | ## """ # # ????????????????????????????????????? | | # """ ##### ????????????????????????????????????? | +----------------------------------------------------+ Best States ------------- Heat Dissipation 28 Energy Generation 12 Energy Capacity 265 Matter Stores 300 Matter Capacity 300 Sight Range 16 Terrain Scan Density 10 Armor Coverage 150 Evasion (%) 42 Targeting Accuracy 5 Recoil Reduction 2 Item Schematics ----------------- None Robot Schematics ------------------ None Fabricated ------------ Nothing Alien Tech Used ----------------- None Achievements -------------- Remodeling Challenges ------------ None Game ------ Seed CarbideCloakNanoactuators Manual? 0 Play Time 00:20:49 Cumulative 4.1 hours Start 2024.07.07 @ 21:14:02 End 2024.07.07 @ 21:33:13 Sessions 1 Manual Loads 0 Difficulty Rogue Special Mode None Game No. 8 Rogue 8 Adventurer 0 Explorer 0 Win Type - Total 0 Types 0/0/0/0/0/0/0/0/0 Lore% 2 Gallery% 5 Achievement% 6 Wizard Run 0 Options --------- Layout 1 ASCII 0 Keyboard 0 Movement Arrows Keybinds 0 Fullscreen 1 Font 28/Dina Map View 50x43 Zoom Use 0% Tactical HUD 0 Map Filters NONE Filters NONE Steam 1 RUN: ccc61012-235e-4bd1-a834-baf1c7a89cc2